 Dungeon Crawl Stone Soup version 0.17.2-1-ge4368a0 (webtiles) character file.

362 Goblin1989 the Cudgeler (level 6, -3/63 HPs)
             Began as an Ogre Hunter on Oct 9, 2016.
             Slain by a scorpion (4 damage)
             ... on level 4 of the Dungeon.
             The game lasted 00:11:47 (4697 turns).

Goblin1989 the Cudgeler (Ogre Hunter)               Turns: 4697, Time: 00:11:47

Health: -3/63      AC:  4    Str: 18    XL:     6   Next: 66%
Magic:  6/6        EV:  9    Int:  8    God:
Gold:   178        SH:  0    Dex: 12    Spells: 0 memorised, 5 levels left

rFire  . . .     SeeInvis +     h - +0 mace
rCold  . . .     Clarity  .     b - +0 robe
rNeg   . . .     SustAt   .     (no shield)
rPois  +         Gourm    .     (helmet restricted)
rElec  .         Spirit   .     A - +0 cloak
rCorr  .         Warding  .     (gloves unavailable)
rMut   .         Stasis   .     (boots unavailable)
MR     .....                    (no amulet)
Stlth  +.........               s - ring of see invisible
                                o - ring of poison resistance

@: drained, not resistant to hostile enchantments, very unstealthy
A: unfitting armour, talons 1, dopey 1, mutation resistance 1, tough skin 1
a: no special abilities


You were on level 4 of the Dungeon.
You were not hungry.

You visited 1 branch of the dungeon, and saw 5 of its levels.

You collected 178 gold pieces.

Inventory:

Hand Weapons
 h - a +0 mace (weapon)
Missiles
 c - 5 large rocks (quivered)
 v - 6 needles of sleeping
 Z - a throwing net
Armour
 b - a +0 robe (worn)
 A - a +0 cloak (worn)
Jewellery
 o - a ring of poison resistance (left hand)
 s - a ring of see invisible (right hand)
Scrolls
 d - a scroll of magic mapping {unknown}
 g - 2 scrolls of recharging {unknown}
 i - a scroll of fog {unknown}
 j - a scroll of blinking {unknown}
 l - a scroll of random uselessness {unknown}
 n - 6 scrolls of teleportation {unknown}
 p - a scroll of fear {unknown}
 r - 2 scrolls of identify {unknown}
 w - 2 scrolls of noise {unknown}
 y - 2 scrolls of remove curse {unknown}
 z - a scroll of enchant armour {unknown}
Books
 a - a book of Air

   Spells                             Type                      Level
   a - Shock                          Conjuration/Air              1
   b - Swiftness                      Charms/Air                   2
   c - Repel Missiles                 Charms/Air                   2
   d - Static Discharge               Conjuration/Air              3
   e - Lightning Bolt                 Conjuration/Air              5
 t - an Akashic Record

   Spells                             Type                      Level
   a - Dispersal                      Translocation                6
   b - Malign Gateway                 Summoning/Translocation      7
   c - Disjunction                    Translocation                8
   d - Controlled Blink               Translocation                8
Comestibles
 e - a bread ration
 f - a beef jerky
 k - 2 meat rations


   Skills:
 - Level 4.5(3.7) Fighting
 + Level 7.6(6.8) Maces & Flails
 - Level 4.0(3.2) Throwing
 - Level 1.7(1.0) Dodging
 - Level 0.7(0.0) Stealth


You had 5 spell levels left.
You didn't know any spells.

Dungeon Overview and Level Annotations

Branches:
Dungeon (5/15)
 Temple: D:4-7

Altars:
Zin

Annotations:
D:4 jazmu's ghost, amateur OpVM
D:5 Goblin1989's ghost, novice DsFi


Innate Abilities, Weirdness & Mutations

You are too large for most types of armour.
You have tough skin (AC +1).
You have sharp toenails.
You are dopey. (Int -2)
You are somewhat resistant to further mutation.


Message History

The scorpion closely misses you.
You hit the scorpion but do no damage. Your kick misses the scorpion.
The scorpion is heavily wounded.
The scorpion closely misses you.
You hit the scorpion but do no damage.
You claw the scorpion, but do no damage.
The scorpion is heavily wounded.
The scorpion stings you!
* * * LOW HITPOINT WARNING * * *
You take 8 damage, and have 2/63 hp.
You closely miss the scorpion.
You claw the scorpion, but do no damage.
The scorpion is heavily wounded.
The scorpion stings you.
* * * LOW HITPOINT WARNING * * *
You take 1 damage, and have 1/63 hp.
You barely miss the scorpion. Your kick misses the scorpion.
The scorpion is heavily wounded.
The scorpion stings you.
You die... ........ .....ਜਜ....ਜ ਜ ....ਜ... .... ਜ....ਜ ਜਜ ....ਜ ਜਜ ਜਜ...ਜਜ ਜਜ. ....ਜ ਜਜ...ਜਜਜਜਜ.. ....ਜ ਜਜ......... ....ਜ ਜਜਜਜਜਜਜਜਜ

ਜਜ......... ....ਜ ਜਜ...ਜ...ਜਜਜ
ਜ...ਜਜ..... ....ਜਜਜਜ....ਜ.....ਜ
ਜਜ..ਜਜਜ.†..< .....ਜਜ..ਜਜ.ਜ.ਜਜ@ਜਜ
ਜਜ...ਜਜ......
.....ਜਜ..ਜ..ਜ..ਜsਜਜਜਜ...ਜਜਜਜਜਜਜਜਜ
........)..........ਜs..ਜਜ
....(..ਜਜਜਜ.ਜ†ਜਜਜਜ.ਜ..ਜਜ
..ਜਜਜਜਜਜ.........ਜ....ਜ


ਜਜਜਜਜਜਜ .ਜਜ ਜ..ਜ.ਜ..ਜ.....ਜਜ ਜ...... ਜਜ ਜ.ਜ..ਜ.ਜਜ....ਜਜ ਜ...... ਜ
ਜਜ...ਜ.....ਜ..ਜ ਜਜ...... ਜਜਜਜਜਜਜ...ਜ..ਜਜ ਜ....... You could see a scorpion.

Vanquished Creatures
  A sky beast (D:4)
  A centaur zombie (D:4)
  A giant frog skeleton (D:4)
  Jessica (D:3)
  A worker ant (D:4)
  8 adders
  3 worms
  2 giant geckos (D:2)
  2 orcs
  A ball python (D:1)
  3 giant cockroaches
  9 hobgoblins
  5 jackals
  3 kobolds
  3 quokkas
  12 bats
  5 giant newts
  9 goblins
  8 rats
78 creatures vanquished.

Notes
Turn   | Place    | Note
--------------------------------------------------------------
     0 | D:1      | Goblin1989 the Ogre Hunter began the quest for the Orb.
     0 | D:1      | Reached XP level 1. HP: 22/22 MP: 1/1
   237 | D:1      | Reached XP level 2. HP: 29/32 MP: 2/2
   603 | D:1      | Reached XP level 3. HP: 21/40 MP: 3/3
  1030 | D:2      | Found a glowing silver altar of Zin.
  1067 | D:2      | Reached skill level 1 in Maces & Flails
  1319 | D:2      | Reached XP level 4. HP: 35/49 MP: 4/4
  1874 | D:3      | Noticed Jessica
  1902 | D:3      | Killed Jessica
  1902 | D:3      | Reached XP level 5. HP: 42/55 MP: 5/5
  2421 | D:3      | Reached skill level 5 in Maces & Flails
  3508 | D:4      | Reached skill level 6 in Maces & Flails
  3508 | D:4      | Reached XP level 6. HP: 3/63 MP: 6/6
  3809 | D:4      | Noticed jazmu's ghost (amateur OpVM)
  3972 | D:3      | Gained mutation: You have sharp toenails. [potion of mutation]
  3972 | D:3      | Gained mutation: You are somewhat resistant to further mutation. [potion of mutation]
  3973 | D:3      | Gained mutation: You are dopey. (Int -2) [potion of mutation]
  4056 | D:5      | Entered Level 5 of the Dungeon
  4060 | D:5      | Noticed Goblin1989's ghost (novice DsFi)
  4689 | D:4      | Reached skill level 7 in Maces & Flails
  4695 | D:4      | HP: 2/63 [scorpion (8)]
  4697 | D:4      | Slain by a scorpion

Action                   |  1- 3 |  4- 6 || total
-------------------------+-------+-------++-------
Melee: Short sword       |    89 |       ||    89
       Mace              |    41 |   229 ||   270
Throw: Large rock        |     5 |       ||     5
       Throwing net      |     2 |     1 ||     3
  Use: Potion            |       |     6 ||     6
 Stab: Sleeping          |     3 |     1 ||     4
  Eat: Chunk             |     1 |     8 ||     9
       Bread ration      |       |     1 ||     1

Vault maps used:
D:1:      lightli_arrival_chessboard, solitary_fountain, nrook_mini_vaults
D:2:      zin_statuary
D:3:      uniq_jessica
D:4:      serial_shops, shop, hangedman_abyss_or_decor_passed,
          roderic_serpentine_path
D:5:      led_sif_book, first_bread, uniq_crazy_yiuf_cottage
